 Dungeon Crawl Stone Soup version 0.21.1-1-g345015f (webtiles) character file.

61 inc the Conjurer (level 4, 0/27 HPs)
             Began as an Octopode Wizard on Apr 28, 2018.
             Slain by a rat (1 damage)
             ... on level 3 of the Dungeon.
             The game lasted 00:03:55 (2331 turns).

inc the Conjurer (Octopode Wizard)                  Turns: 2331, Time: 00:03:56

Health: 0/27       AC:  1    Str:  6    XL:     4   Next: 7%
Magic:  4/8        EV: 13    Int: 21    God:
Gold:   111        SH:  0    Dex: 10    Spells: 8/9 levels left

rFire    . . .     SeeInvis .   d - +0 short sword
rCold    . . .     Gourm    .   (no shield)
rNeg     . . .     Faith    .   a - +0 hat
rPois    .         Spirit   .   (no amulet)
rElec    .         Reflect  .   (no ring)
rCorr    .         Harm     .   (no ring)
MR       .....                  (no ring)
Stlth    +++.......             (no ring)
HPRegen  0.09/turn              (no ring)
MPRegen  0.11/turn              (no ring)
                                (no ring)
                                (no ring)

@: about to teleport
A: almost no armour, stealthy swim, amphibious, 8 rings, constrict 8, camouflage
1, gelatinous body 1
a: no special abilities


You were on level 3 of the Dungeon.
You were very hungry.

You visited 1 branch of the dungeon, and saw 3 of its levels.

You collected 111 gold pieces.

Inventory:

Hand Weapons
 d - a +0 short sword (weapon)
Armour
 a - a +0 hat (worn)
Jewellery
 m - an uncursed ring of ice
Scrolls
 h - a scroll of identify
 i - a scroll of remove curse {unknown}
 p - a scroll of noise {unknown}
Potions
 g - a potion of heal wounds {unknown}
 j - a potion of degeneration
 l - a potion of haste {unknown}
 o - a potion of brilliance {unknown}
Books
 b - a book of Minor Magic

   Spells                             Type                      Level
   a - Magic Dart                     Conjuration                  1
   b - Blink                          Translocation                2
   c - Call Imp                       Summoning                    2
   d - Slow                           Hexes                        2
   e - Conjure Flame                  Conjuration/Fire             3
   f - Mephitic Cloud                 Conjuration/Poison/Air       3
Comestibles
 c - 5 rations


   Skills:
 - Level 2.0 Dodging
 - Level 2.6 Stealth
 - Level 3.0 Spellcasting
 + Level 3.8 Conjurations
   Level 1.0 Summonings
   Level 1.0 Translocations


You had 8 spell levels left.
You knew the following spells:

 Your Spells              Type           Power        Failure   Level  Hunger
a - Magic Dart            Conj           ###.         2%          1    None


Dungeon Overview and Level Annotations

Branches:
Dungeon (3/15)

Altars:
Elyvilon

Annotations:
D:3 Jessica; Terence; ZomBoFoB's ghost, amateur OgGl


Innate Abilities, Weirdness & Mutations

You cannot wear most types of armour.
You are very stealthy in the water. (Stealth+)
You are amphibious.
You can wear up to eight rings at the same time.
You can use your tentacles to constrict eight enemies at once.
Your skin changes colour to match your surroundings (Stealth+).
Your rubbery body absorbs attacks. (AC +1, EV +1)


Message History

It was a scroll of random uselessness.
The kobold throws a stone.
The stone hits you but does no damage. The rat bites you.
* * * LOW HITPOINT WARNING * * *
Unknown command.
As you read the scroll labeled VUROT KEBAI, it crumbles to dust.
It is a scroll of identify.
Really abort (and waste the scroll)? [Y]es or [N]o only, please.
Really abort (and waste the scroll)?
j - a potion of degeneration The rat bites you.
* * * LOW HITPOINT WARNING * * *
A jackal comes into view.
As you read the scroll labeled ULUAPL CIFOO, it crumbles to dust.
The scroll dissolves into smoke.
It was a scroll of fog.
The rat closely misses you.
Unknown command.
As you read the scroll of teleportation, it crumbles to dust.
You feel strangely unstable. The rat misses you. The rat bites you.
You die...

######........#.# .
...h...
#...................h.
K......
#...........?##.......
.gor[..
#.[..........##.....#.
.....o.
#....#.$..S.......g$..
...o...
#.#####......##.......
.....## ... ##.....##
§g...## .... # ..
#......S##r§..... ...
#.....o{r@§§# ..
........o##### .
.###.....## ##...##
####


You could see an adder, an orc, a goblin and 2 rats.

Vanquished Creatures
  An adder (D:2)
  A worm (D:2)
  2 dart slugs (D:1)
  A leopard gecko (D:1)
  4 giant cockroaches
  7 goblins
  5 hobgoblins
  2 jackals (D:1)
  A ball python (D:1)
  6 bats
  6 frilled lizards
  5 kobolds
  A rat (D:2)
42 creatures vanquished.

Notes
Turn   | Place    | Note
-------+----------+-------------------------------------------
     0 | D:1      | inc the Octopode Wizard began the quest for the Orb.
     0 | D:1      | Reached XP level 1. HP: 11/11 MP: 4/4
     2 | D:1      | Noticed a demigod
     2 | D:1      | Noticed a minotaur
     4 | D:1      | Noticed a human
     4 | D:1      | Noticed a ghoul
     6 | D:1      | Noticed a spriggan
     8 | D:1      | Noticed a formicid
    10 | D:1      | Noticed an elf
    12 | D:1      | Noticed a draconian
    12 | D:1      | Noticed a halfling
    14 | D:1      | Noticed a vine stalker
    14 | D:1      | Noticed an octopode
    16 | D:1      | Noticed a merfolk
    16 | D:1      | Noticed a naga
    18 | D:1      | Noticed a felid
    18 | D:1      | Noticed a demonspawn
    20 | D:1      | Noticed a vampire
    20 | D:1      | Noticed a dwarf
    22 | D:1      | Noticed a gargoyle
    22 | D:1      | Noticed a centaur
    24 | D:1      | Noticed a tengu
    24 | D:1      | Noticed a troll
    26 | D:1      | Noticed an ogre
   387 | D:1      | Reached XP level 2. HP: 4/17 MP: 3/6
   790 | D:1      | Reached XP level 3. HP: 16/21 MP: 5/7
  1174 | D:2      | Found a white marble altar of Elyvilon.
  2027 | D:1      | Reached XP level 4. HP: 27/27 MP: 3/8
  2279 | D:3      | Noticed ZomBoFoB's ghost (amateur OgGl)
  2306 | D:3      | Noticed Terence
  2317 | D:3      | Noticed Jessica
  2329 | D:3      | HP: 1/27 [rat (1)]
  2331 | D:3      | Slain by a rat

Skill      XL: |  1  2  3 |
---------------+----------+-----
Conjurations   | 2 3 |  3.8
Dodging        | |  2.0
Stealth        | |  2.6
Spellcasting   | |  3.0
Summonings     | |  1.0
Translocations | |  1.0

Action                   |  1- 3 |  4- 6 || total
-------------------------+-------+-------++-------
Melee: Unarmed           |    15 |       ||    15
       Short sword       |    30 |     1 ||    31
       Constrict         |    10 |       ||    10
       Tentacles         |     5 |       ||     5
 Cast: Magic Dart        |    75 |     7 ||    82
  Use: Scroll            |       |     5 ||     5
       Potion            |       |     1 ||     1
 Stab: Sleeping          |     1 |     1 ||     2
  Eat: Chunk             |     3 |       ||     3
Armor: Skin              |     6 |     3 ||     9
Dodge: Dodged            |    52 |    14 ||    66
